 Dungeon Crawl Stone Soup version 0.29.1-15-g9cfb28693d (webtiles) character file.

Game seed: 15622890699422038730

2061869 fleeber the Slayer (level 27, 247/247 HPs)
             Began as a Barachi Hunter on Mar 19, 2023.
             Was the Champion of Cheibriados.
             Escaped with the Orb
             ... and 4 runes on Mar 23, 2023!
             The game lasted 10:07:10 (87240 turns).

fleeber the Slayer (Barachi Hunter)                Turns: 87240, Time: 10:07:10

Health: 247/247    AC: 24    Str: 23    XL:     27
Magic:  36/36      EV: 52    Int: 28    God:    Cheibriados [******]
Gold:   4573       SH: 25    Dex: 45    Spells: 26/26 levels left

rFire   + + .      SeeInvis .   B - +8 hand crossbow of Premature Burial {elec, rPois rC++ Str-4 Dex+3}
rCold   + + .      Faith    .   u - +5 kite shield {reflect}
rNeg    + . .      Spirit   .   w - +0 troll leather armour {Parghit}
rPois   +          Reflect  +   Y - +3 helmet of the Guild-Master {+Inv rN+}
rElec   .          Harm     .   A - +2 cloak {Stlth+}
rCorr   +          Rampage  .   M - +2 pair of gloves {hurl}
Will    +++++                   O - +2 pair of boots "Nysit" {Will+ rCorr Stlth+}
Stlth   +++.......              k - amulet of regeneration
HPRegen 2.11/turn               W - ring of protection from fire
MPRegen 0.25/turn               f - ring of protection from fire

@: mighty, brilliant, flying, studying Throwing, invisible, very slow
A: amphibious, slowness 1, strong legs 2, +LOS, deterioration 1, strong-willed
2, shaggy fur 1, wild magic 1, no potion heal 1, inability to drink after injury
1
0: Orb of Zot
}: 4/15 runes: decaying, slimy, silver, gossamer
a: Hop, Renounce Religion, Evoke Invisibility, Bend Time, Temporal Distortion,
Slouch, Step From Time


You escaped.
You worshipped Cheibriados.
Cheibriados was exalted by your worship.
You visited 12 branches of the dungeon, and saw 56 of its levels.
You visited the Abyss 1 time.
You also visited: Bailey.

You collected 8623 gold pieces.
You spent 4050 gold pieces at shops.

Inventory:

Hand Weapons
 B - the +8 hand crossbow of Premature Burial (weapon) {elec, rPois rC++ Str-4 Dex+3}
   (You found it on level 3 of the Elven Halls)

   Any ammunition fired from it occasionally discharges a powerful burst of
   electricity upon striking a foe.
   Str:       It affects your strength (-4).
   Dex:       It affects your dexterity (+3).
   rC:        It greatly protects you from cold.
   rPois:     It protects you from poison.
Missiles
 U - 5 throwing nets
Armour
 u - a +5 kite shield of reflection (worn)
 w - a +0 troll leather armour (worn) {Parghit}
 y - a +3 leather armour of positive energy
 A - a +2 cloak of stealth (worn)
 M - a +2 pair of gloves of hurling (worn)
 N - a +3 leather armour of fire resistance
 O - the +2 pair of boots "Nysit" (worn) {Will+ rCorr Stlth+}
   (You bought it in a shop on level 2 of the Orcish Mines)

   rCorr:     It protects you from acid and corrosion.
   Will:      It increases your willpower.
   Stlth:     It makes you more stealthy.
 Y - the +3 helmet of the Guild-Master (worn) {+Inv rN+}
   (You found it on level 1 of the Crypt)

   rN:        It protects you from negative energy.
   +Inv:      It lets you turn invisible.
Jewellery
 f - a ring of protection from fire (right hand)
 k - an amulet of regeneration (around neck)
 m - a ring of see invisible
 K - a ring of protection from cold
 L - a ring of willpower
 W - a ring of protection from fire (left hand)
Wands
 a - a wand of roots (3)
 o - a wand of mindburst (40)
 r - a wand of quicksilver (35)
 s - a wand of digging (10)
 G - a wand of paralysis (22)
 Z - a wand of flame (43)
Scrolls
 b - 8 scrolls of immolation
 j - 11 scrolls of poison
 n - 5 scrolls of teleportation
 q - 4 scrolls of torment
 v - 5 scrolls of fear
 x - 7 scrolls of vulnerability
 D - 3 scrolls of silence
 P - 5 scrolls of noise
 Q - a scroll of blinking
 S - 6 scrolls of fog
Potions
 c - 10 potions of ambrosia
 d - 5 potions of might
 e - 3 potions of magic
 g - 6 potions of heal wounds
 h - 31 potions of curing
 l - 16 potions of attraction
 z - 5 potions of brilliance
 C - 7 potions of mutation
 E - 5 potions of cancellation
 F - 6 potions of flight
 H - 9 potions of lignification
 J - 4 potions of invisibility
 R - 8 potions of berserk rage
 V - a potion of resistance
Miscellaneous
 i - a tin of tremorstones (2/2)
 p - a box of beasts (inert)
 t - a lightning rod (4/4)
 I - a phial of floods
 T - a condenser vane
 X - a phantom mirror


   Skills:
 + Level 26.8 Fighting
 - Level 21.7 Ranged Weapons
 + Level 19.0 Armour
 + Level 23.7 Dodging
 - Level 13.6 Stealth
 - Level 16.0 Shields
 + Level 19.5 Invocations
 + Level 17.8 Evocations


You had 26 spell levels left.
You didn't know any spells.
Your spell library contained the following spells:

 Spells                   Type           Power      Damage    Failure   Level
 Apportation              Tloc           0%         N/A       28%         1
 Beastly Appendage        Tmut           0%         N/A       28%         1
 Foxfire                  Conj/Fire      0%         2x1d4     28%         1
 Magic Dart               Conj           0%         1d3       28%         1
 Sandblast                Erth           0%         2d4       28%         1
 Shock                    Conj/Air       0%         1d3       28%         1
 Summon Small Mammal      Summ           0%         N/A       28%         1
 Call Imp                 Summ           0%         N/A       38%         2
 Ensorcelled Hibernation  Hex/Ice        0%         N/A       38%         2
 Passwall                 Tmut/Erth      0%         N/A       38%         2
 Poisonous Vapours        Pois/Air       0%         N/A       38%         2
 Wereblood                Tmut           0%         N/A       38%         2
 Call Canine Familiar     Summ           0%         N/A       61%         3
 Confusing Touch          Hex            0%         N/A       61%         3
 Dazzling Flash           Conj/Hex       0%         N/A       61%         3
 Frozen Ramparts          Ice            0%         1d1       61%         3
 Inner Flame              Hex/Fire       0%         N/A       61%         3
 Mephitic Cloud           Conj/Pois/Air  0%         N/A       61%         3
 Ozocubu's Armour         Ice            0%         N/A       61%         3
 Portal Projectile        Hex/Tloc       0%         N/A       61%         3
 Spider Form              Tmut/Pois      0%         N/A       61%         3
 Stone Arrow              Conj/Erth      0%         3d7       61%         3
 Summon Guardian Golem    Hex/Summ       0%         N/A       61%         3
 Teleport Other           Tloc           0%         N/A       61%         3
 Tukima's Dance           Hex            0%         N/A       61%         3
 Vampiric Draining        Necr           0%         2d6       61%         3
 Anguish                  Hex/Necr       0%         N/A       94%         4
 Animate Armour           Summ/Erth      0%         N/A       94%         4
 Cause Fear               Hex            0%         N/A       94%         4
 Corpse Rot               Necr/Pois/Air  0%         N/A       94%         4
 Dispel Undead            Necr           0%         3d6       94%         4
 Fulminant Prism          Conj/Hex       0%         3d6       94%         4
 Hailstorm                Conj/Ice       0%         3d3       94%         4
 Ice Form                 Ice/Tmut       0%         N/A       94%         4
 Iskenderun's Mystic Bla  Conj/Tloc      0%         2d3       94%         4
 Passage of Golubria      Tloc           0%         N/A       94%         4
 Summon Ice Beast         Ice/Summ       0%         N/A       94%         4
 Alistair's Intoxication  Tmut/Pois      0%         N/A       100%        5
 Blade Hands              Tmut           0%         N/A       100%        5
 Fireball                 Conj/Fire      0%         3d3       100%        5
 Iskenderun's Battlesphe  Conj           0%         2d6       100%        5
 Summon Forest            Summ/Tloc      0%         N/A       100%        5
 Summon Mana Viper        Hex/Summ       0%         N/A       100%        5
 Yara's Violent Unravell  Hex/Tmut       0%         3d3       100%        5
 Conjure Ball Lightning   Conj/Air       0%         3x3d6     100%        6
 Death Channel            Necr           0%         N/A       100%        6
 Eringya's Noxious Bog    Tmut/Pois      0%         N/A       100%        6
 Iron Shot                Conj/Erth      0%         9d1       100%        6
 Simulacrum               Ice/Necr       0%         N/A       100%        6
 Starburst                Conj/Fire      0%         6d3       100%        6
 Summon Cactus Giant      Summ           0%         N/A       100%        6
 Enfeeble                 Hex            0%         N/A       100%        7
 Haunt                    Necr/Summ      0%         N/A       100%        7
 Malign Gateway           Summ/Tloc      0%         N/A       100%        7
 Orb of Destruction       Conj           0%         9d5       100%        7
 Ozocubu's Refrigeration  Ice            0%         4d7       100%        7
 Spellforged Servitor     Conj/Summ      0%         N/A       100%        7
 Summon Hydra             Summ           0%         N/A       100%        7
 Discord                  Hex            0%         N/A       100%        8
 Disjunction              Tloc           0%         N/A       100%        8
 Ignition                 Fire           0%         3d3       100%        8
 Lehudib's Crystal Spear  Conj/Erth      0%         10d2      100%        8
 Necromutation            Tmut/Necr      0%         N/A       100%        8
 Chain Lightning          Conj/Air       0%         N/A       100%        9
 Fire Storm               Conj/Fire      0%         5d1       100%        9
 Shatter                  Erth           0%         3d5*      100%        9


Dungeon Overview and Level Annotations

Branches:
Dungeon (15/15)            Temple (1/1) D:7            Lair (5/5) D:9
  Swamp (4/4) Lair:2       Spider (4/4) Lair:3        Slime (5/5) Lair:5
    Orc (2/2) D:11            Elf (3/3) Orc:2        Vaults (5/5) D:14
  Crypt (3/3) Vaults:3     Depths (4/4) D:15            Zot (5/5) Depths:4
 Bailey (visited)
   Tomb: Crypt:3

Altars:
Ashenzari
Cheibriados
Dithmenos
Elyvilon
Fedhas
Gozag
Hepliaklqana
Kikubaaqudgha
Makhleb
Nemelex Xobeh
Okawaru
Qazlal
Ru
Sif Muna
Trog
Uskayaw
Vehumet
Wu Jian
Xom
Yredelemnul
Zin
The Shining One
Jiyva
Lugonu

Shops:
D:7 *   D:10 *   D:11 ?(!!   Orc:2 ([(?*=   Elf:2 :   Elf:3 :   Zot:5 *
Depths:1 ?(((*   Depths:2 *   Depths:3 (

Portals:
Hell: Depths:1 Depths:2 Depths:3 Depths:4
Abyss: Lair:5 Depths:3
Pandemonium: Depths:2 Depths:3*
Ziggurat: Depths:3
Trove: Depths:1 (give +6 ice dragon scales)

Annotations:
D:12 3 runed translucent doors, Sanktem7's ghost, journeyman FoFi
D:15 3 runed translucent doors, Apta's ghost, journeyman DgDe
Lair:2 3 runed translucent doors, exclusion: downstairs, hndcvy's ghost, journeyman MiFi
Swamp:4 1 runed translucent door, scisormetimb3rs's ghost, adept DrIE
Elf:1 Roxanne
Vaults:3 exclusion: downstairs
Depths:1 1 runed translucent door, Tiedaj's ghost, adept MiBe
Depths:3 2 transporters, exclusions: downstairs and 4 more exclusions
Zot:2 3 runed translucent doors, Toelubet's ghost, veteran CeHu


Innate Abilities, Weirdness & Mutations

You are amphibious.
You cover ground slowly.
You can hop long distances.
You have an extended range of vision and can be seen from far away.
Your body sometimes deteriorates upon taking damage.
You are highly strong-willed. (Will++)
You are covered in fur. (AC +1)
Your spells are a little harder to cast, but a little more powerful.
Potions are less effective at restoring your health.
You occasionally lose the ability to drink potions when taking damage.


Message History

The rakshasa moves out of view.
You block the ufetubus's attack. x2
The ufetubus attacks as you move away! The ufetubus completely misses you.
You block the ufetubus's attack. x2; The ufetubus completely misses you.
The ufetubus misses you. The ufetubus completely misses you. x2
You block the ufetubus's attack. You block the ufetubus's attack.
The ufetubus completely misses you. You block the ufetubus's attack. x2
There is a stone staircase leading up here.
You climb upwards.
The ynoxinul is sucked into a shaft!
The shaft crumbles and collapses.
There is a stone staircase leading down here.
You see here a +0 battleaxe.
There is a stone staircase leading up here.
You climb upwards.
There is a stone staircase leading down here.
There is a stone staircase leading up, spattered with blood here.
You climb upwards.
There is a stone staircase leading down, spattered with blood here.
Aiming: Dig
Press: ? - help, Shift-Dir - straight line This square is covered in magical glow.
The rock shatters into small pieces.
You see here a +0 dagger.
There is a stone staircase leading up here.
You climb upwards.
There is a stone staircase leading down here.
There is an open door here.
There is an open door here.
There is an open door here.
You see here 3 poisoned darts.
There is an open door here.
There is a staircase leading out of the dungeon here.
You feel very mighty all of a sudden.
You feel clever all of a sudden.
You feel very buoyant.
You fly up into the air.
You fade into invisibility!
Okay, then.
You have escaped!

...# #...#.##.#...#..#####).[....
.#.###...#.##'#####..#..........#
.#..###....#...#.....#...).....#.
.##..####.#....'.....#........##.
.###.####..#...#.....#...........
.###..##...##'#####..######...##.
.......##...#(#...#..# ##...##.
.###....#####.#...#..#####....##.
..###.#...###.'.@.#..##.......##.
..# #.......###...#...'..........
..# #######...#####.###....#####.
..# ##........##....>...... ..#
###########........##. ..#
#........... ..# #.........#. ..#
#.........#. ### #########.##


There were no monsters in sight!

Vanquished Creatures
  Dissolution (Slime:3)
  the Royal Jelly (Slime:5)
  5 dread liches
  Mara (Depths:2)
  3 ancient liches
  4 orbs of fire (Zot:5)
  Josephina (Crypt:3)
  Boris (twice) (Vaults:4 Crypt:1)
  Parghit (Zot:2)
  Bai Suzhen (Depths:2)
  Saint Roka (Depths:3)
  2 pandemonium lords
  3 Killer Klowns (Zot:5)
  8 curse toes
  Nikola (Spider:2)
  7 golden dragons
  Arachne (Spider:3)
  Jory (Vaults:4)
  A profane servitor (D:7)
  A bone dragon (Crypt:3)
  An iron giant (Zot:4)
  An Ice Fiend (Zot:4)
  2 electric golems (Zot:5)
  A Hell Sentinel (Depths:2)
  Zenata (Elf:1)
  8 liches
  26 Orb Guardians
  8 tentacled monstrosities
  5 titans
  3 deep elf master archers (Elf:3)
  4 deep elf blademasters
  6 quicksilver dragons
  A walking frostbound tome (Depths:2)
  23 acid blobs
  6 sphinxes
  5 ancient champions
  10 death cobs
  2 tengu reavers
  Donald (Vaults:4)
  19 storm dragons
  9 shadow dragons
  18 draconian monks
  20 azure jellies
  Agnes (D:14)
  11 fire giants
  15 rockslimes
  A fenstrider witch (Swamp:1)
  3 revenants (Crypt:2)
  6 deep elf sorcerers
  5 frost giants
  8 draconian knights
  5 draconian scorchers
  5 emperor scorpions
  4 balrugs
  13 ghost moths
  4 iron dragons
  6 curse skulls
  9 deep elf elementalists (Elf:3)
  Louise (Elf:2)
  A cacodemon (Depths:3)
  11 vault wardens
  4 draconian stormcallers
  8 draconian annihilators
  18 quicksilver oozes
  14 stone giants
  A quicksilver ooze (shapeshifter) (Depths:2)
  17 ironbound preservers
  11 draconian shifters
  15 ghouls
  2 broodmothers
  2 caustic shrike skeletons (Crypt:3)
  23 very ugly things
  6 ironbound thunderhulks
  4 war gargoyles
  4 eleionomae
  3 reapers
  8 vampire knights
  10 entropy weavers
  10 deep elf demonologists
  9 deep elf annihilators
  A rockslime zombie (Crypt:2)
  11 purple draconians
  16 red draconians
  17 black draconians
  6 spark wasps
  A bunyip (Lair:2)
  12 green draconians
  A spark wasp (shapeshifter) (Depths:2)
  12 dire elephants
  18 white draconians
  12 yellow draconians
  A mummy priest (Crypt:2)
  Azrael (Spider:3)
  8 ettins
  9 deep elf death magi
  7 eidola
  2 crystal guardians (Vaults:3)
  2 blizzard demons
  5 jiangshi
  10 fire dragons
  A shambling mangrove (Swamp:2)
  6 deep elf high priests
  3 peacekeepers
  14 great orbs of eyes
  18 yaktaur captains
  A jorogumo (Spider:4)
  A spriggan zombie (Crypt:2)
  18 ice dragons
  2 rakshasas
  A caustic shrike simulacrum (Crypt:3)
  10 boulder beetles
  2 radroaches
  27 vault guards
  3 hell beasts
  2 spriggan skeletons
  13 centaur warriors
  A catoblepas (Zot:4)
  5 death knights
  A spriggan air mage (Crypt:1)
  An ogre mage (D:15)
  A radroach (shapeshifter) (Depths:2)
  9 two-headed ogres
  2 merfolk aquamancers (Crypt:1)
  16 hydras
  28 dancing weapons
  7 tengu warriors
  2 ghost crabs
  7 alligators
  6 deep troll shamans
  8 death yaks
  A death scarab (Spider:4)
  A spectral stone giant (Crypt:2)
  An azure jelly zombie (Crypt:3)
  7 deep troll earth magi
  14 vampire magi
  2 thrashing horrors (Lair:5)
  4 orc high priests (Orc:2)
  4 spriggan berserkers
  9 hell knights
  A spectral naga (Crypt:2)
  A titan zombie (Crypt:2)
  12 deep elf knights
  3 titan skeletons
  11 soul eaters
  8 sun demons
  A goliath frog (shapeshifter) (Depths:2)
  A salamander mystic (Depths:1)
  2 shadow wraiths
  A sixfirhy (D:13)
  32 skeletal warriors
  5 iron trolls
  9 pharaoh ants
  A swamp dragon (Swamp:4)
  An anaconda zombie (Crypt:2)
  3 glowing orange brains
  6 sun moths
  2 goliath frogs
  10 steelbarb worms
  3 flayed ghosts
  An orb spider (shapeshifter) (Vaults:5)
  13 orb spiders
  A shadow demon (Depths:4)
  A glowing orange brain (shapeshifter) (Lair:5)
  A shadow dragon zombie (Crypt:2)
  A spriggan druid (Swamp:2)
  38 deep trolls
  An iron giant zombie (Crypt:2)
  10 deep elf archers
  3 wizards
  An iron giant skeleton (Crypt:3)
  4 wolf spider zombies (Spider:4)
  A lindwurm (shapeshifter) (Vaults:5)
  2 anaconda skeletons (Crypt:3)
  19 phantasmal warriors
  8 bog bodies
  A spriggan simulacrum (Crypt:3)
  8 lindwurms
  18 ironbound convokers
  33 deep elf zephyrmancers
  7 spectral wolf spiders (Spider:4)
  3 orc knights
  Pikel (D:5)
  5 necromancers
  A frost giant zombie (Depths:3)
  24 deep elf pyromancers
  44 ugly things
  6 shining eyes
  An oklob plant (Lair:5)
  A shadow dragon skeleton (Depths:1)
  8 orc sorcerers
  4 will-o-the-wisps
  19 wolf spiders
  2 salamanders (Depths:1)
  A fire giant zombie (Depths:1)
  A manticore (shapeshifter) (Depths:2)
  32 moths of wrath
  20 cyclopes
  A frost giant skeleton (Depths:3)
  A fire giant skeleton (Depths:1)
  15 elephants
  3 black mambas
  19 vault sentinels
  An eye of devastation (Slime:4)
  4 smoke demons
  2 centaur zombies (D:15)
  A guardian serpent (shapeshifter) (Depths:2)
  A stone giant skeleton (Crypt:2)
  3 torpor snails
  9 cane toads
  A torpor snail (shapeshifter) (Depths:2)
  9 apocalypse crabs (Zot:3)
  A titan simulacrum (Crypt:3)
  A gargoyle (D:12)
  2 dire elephant skeletons
  Maggie (D:6)
  The ghost of leafyfresh the Covert, a novice OpDe (D:6)
  A white draconian zombie (Crypt:2)
  A komodo dragon (shapeshifter) (Elf:2)
  A hellion (D:8)
  9 komodo dragons
  11 freezing wraiths
  2 orb spider zombies (Crypt:1)
  An unseen horror zombie (Crypt:2)
  25 yaktaurs
  12 demonic crawlers
  An orange demon (Depths:4)
  A spark wasp simulacrum (Depths:1)
  An ice devil (Depths:3)
  2 red devils (Depths:2)
  A death yak zombie (Crypt:1)
  2 hellwings
  2 rime drakes
  An anaconda simulacrum (Crypt:3)
  A tengu conjurer (Depths:1)
  An efreet (D:9)
  An ancient zyme (Lair:5)
  A silent spectre (Crypt:1)
  A bloated husk (Swamp:4)
  22 tarantellas
  2 wolf spider simulacra (Spider:4)
  A meliai (shapeshifter) (Vaults:4)
  2 meliai
  Grinder (D:3)
  A queen bee (shapeshifter) (Elf:1)
  2 polar bears
  A shadow dragon simulacrum (Depths:3)
  5 trolls
  13 hornets
  A death drake zombie (Crypt:3)
  A hornet (shapeshifter) (D:13)
  145 slime creatures
  9 tyrant leeches
  10 dream sheep
  29 blink frogs
  A hydra skeleton (Crypt:1)
  A dream sheep (shapeshifter) (Vaults:4)
  A raiju (shapeshifter) (Vaults:5)
  A satyr zombie (Crypt:1)
  An ettin zombie (Crypt:2)
  2 large abominations (Lair:5)
  31 jumping spiders
  3 shadows
  A black mamba zombie (Crypt:3)
  24 culicivoras
  Sigmund (D:3)
  A ynoxinul (Lair:5)
  42 yaks
  A shapeshifter (Depths:2)
  9 spriggans
  9 wraiths
  A vampire (D:10)
  A fire bat (shapeshifter) (Depths:2)
  6 wyverns
  5 air elementals (Elf:1)
  9 water elementals
  A hog (shapeshifter) (Depths:2)
  A human (shapeshifter) (D:15)
  A yak (shapeshifter) (Depths:2)
  A steam dragon (D:8)
  5 fire elementals
  14 vampire mosquitoes
  3 golden eyes (Slime:5)
  12 basilisks
  51 redbacks
  4 swamp worm simulacra (Swamp:4)
  A redback (shapeshifter) (Elf:1)
  A neqoxec (Depths:2)
  A chaos spawn (Lair:5)
  An acid dragon (D:12)
  9 swamp worms
  6 wargs (Orc:1)
  Edmund (D:5)
  16 water moccasins
  16 hydra simulacra (Swamp:4)
  2 hell hounds
  A naga skeleton (Crypt:3)
  2 floating eyes
  A swamp drake (Swamp:3)
  An ice beast (D:6)
  41 orc warriors
  16 ogres
  5 boggarts
  6 black bears
  13 wolves
  8 centaurs
  A blink frog skeleton (Crypt:3)
  2 phantoms
  8 small abominations (Lair:5)
  3 kobold brigands
  Blork the orc (D:5)
  3 necrophages
  3 earth elementals (Elf:2)
  3 gnoll sergeants
  15 bullfrogs
  4 scorpions
  19 wights
  A cyclops skeleton (Crypt:3)
  A shapeshifter skeleton (Crypt:3)
  8 killer bees (D:9)
  5 electric eels
  A tengu skeleton (Depths:1)
  7 howler monkeys
  A lava snake (Orc:1)
  A wolf skeleton (Crypt:2)
  2 hounds
  Crazy Yiuf (D:3)
  A centaur skeleton (Crypt:3)
  2 jellies
  23 orc priests
  A gnoll bouda (D:5)
  7 hell rats (Lair:5)
  An iguana (D:6)
  33 orc wizards
  8 adders
  42 gnolls
  A shadow imp (D:7)
  2 white imps
  4 swamp drake simulacra (Swamp:4)
  3 ufetubi
  An iguana skeleton (Crypt:1)
  2 worms (D:4)
  4 dart slugs
  89 orcs
  6 endoplasms
  4 giant cockroaches
  26 goblins
  19 hobgoblins
  22 jackals
  15 kobolds
  10 quokkas
  5 ball pythons
  4 bats
  3 frilled lizards
  A frilled lizard zombie (Crypt:2)
  A giant cockroach zombie (Crypt:2)
  A jackal skeleton (Crypt:3)
  A quokka zombie (Crypt:1)
  2 rats
2599 creatures vanquished.

Vanquished Creatures (collateral kills)
  An ice devil (D:15)
  A chaos spawn (D:15)
2 creatures vanquished.

Vanquished Creatures (others)
  Mennas (Vaults:5)
  A quicksilver dragon (Zot:1)
  2 fire giants (Depths:1)
  2 draconian knights
  A green draconian (Zot:4)
  A wizard (Vaults:3)
  A moth of wrath (Zot:1)
  A human (Crypt:1)
  A boggart (Vaults:3)
  6 bushes (Lair:2)
  4 foxfires
  55 fungi
  89 plants
  2 withered plants (D:6)
167 creatures vanquished.

Grand Total: 2768 creatures vanquished

Notes
Turn   | Place    | Note
-------+----------+-------------------------------------------
     0 | D:1      | fleeber the Barachi Hunter began the quest for the Orb.
     0 | D:1      | Reached XP level 1. HP: 17/17 MP: 1/1
   138 | D:1      | Reached XP level 2. HP: 23/23 MP: 2/2
   678 | D:1      | Reached XP level 3. HP: 25/28 MP: 3/3
   946 | D:2      | Reached skill level 3 in Fighting
  1952 | D:3      | Noticed Sigmund
  1965 | D:3      | Killed Sigmund
  1966 | D:3      | Reached skill level 4 in Fighting
  1966 | D:3      | Reached skill level 5 in Ranged Weapons
  1966 | D:3      | Reached XP level 4. HP: 19/37 MP: 4/4
  1966 | D:3      | Reached XP level 5. HP: 22/42 MP: 5/5
  2156 | D:3      | Reached XP level 6. HP: 48/48 MP: 6/6
  2178 | D:3      | Noticed Grinder
  2512 | D:3      | Found a faded altar of an unknown god.
  2582 | D:3      | Found a runed translucent door.
  2583 | D:3      | Noticed Crazy Yiuf
  2644 | D:3      | Killed Grinder
  2645 | D:3      | Reached XP level 7. HP: 10/55 MP: 7/7
  3237 | D:4      | Reached skill level 5 in Fighting
  3395 | D:4      | Reached skill level 5 in Dodging
  4162 | D:4      | Reached XP level 8. HP: 64/64 MP: 8/8
  4632 | D:5      | Entered Level 5 of the Dungeon
  4648 | D:5      | Noticed Blork the orc
  5030 | D:5      | Killed Blork the orc
  5031 | D:5      | Reached skill level 6 in Fighting
  5336 | D:5      | You fall into a shaft and drop 1 floor!
  5518 | D:6      | Found a runed translucent door.
  5523 | D:6      | Noticed leafyfresh's ghost (novice OpDe)
  5659 | D:5      | Noticed Edmund
  6069 | D:5      | Noticed Pikel
  6089 | D:5      | Killed Pikel
  6090 | D:5      | Reached skill level 7 in Fighting
  6090 | D:5      | Reached XP level 9. HP: 15/72 MP: 9/9
  6562 | D:5      | Killed Edmund
  6645 | D:6      | Noticed Maggie
  6959 | Abyss:1  | Cast into level 1 of the Abyss (Maggie)
  6997 | D:6      | Escaped the Abyss
  7007 | D:6      | Killed Maggie
  7157 | D:6      | Reached skill level 10 in Ranged Weapons
  7303 | D:6      | Found a burning altar of Makhleb.
  7312 | D:6      | Found a hide-covered altar of Uskayaw.
  7397 | D:7      | Found Luabaedghi's Assorted Antiques.
  7407 | D:6      | Reached skill level 8 in Fighting
  7488 | D:7      | Found a staircase to the Ecumenical Temple.
  7745 | Temple   | Entered the Ecumenical Temple
  7759 | Temple   | Became a worshipper of Cheibriados the Contemplative
  8047 | D:7      | Bought a potion of curing for 72 gold pieces
  8284 | D:7      | Reached skill level 1 in Evocations
  8284 | D:7      | Reached XP level 10. HP: 71/82 MP: 10/10
  8293 | D:7      | Reached skill level 1 in Invocations
  8313 | D:7      | Reached * piety under Cheibriados
  9824 | D:8      | Identified the +2 rapier "Jois" {vorpal, Str+4}
  9841 | D:8      | Found a glowing silver altar of Zin.
 10345 | D:9      | Reached ** piety under Cheibriados
 10351 | D:9      | Reached skill level 9 in Fighting
 10881 | D:9      | Found a staircase to the Lair.
 11167 | D:9      | Noticed a two-headed ogre
 11170 | D:9      | Killed a two-headed ogre
 11252 | D:9      | Noticed a two-headed ogre
 11259 | D:9      | Killed a two-headed ogre
 11260 | D:9      | Reached XP level 11. HP: 47/89 MP: 13/13
 11448 | D:10     | Entered Level 10 of the Dungeon
 11560 | D:10     | Found a flagged portal.
 11568 | D:10     | Reached *** piety under Cheibriados
 11594 | Bailey   | Entered a bailey
 12766 | Bailey   | Reached **** piety under Cheibriados
 13283 | Bailey   | Noticed an orc warlord
 13587 | D:10     | Reached skill level 10 in Fighting
 13633 | D:10     | Found Hoonkaf's Assorted Antiques.
 13638 | D:10     | Bought a scroll of teleportation for 87 gold pieces
 13684 | D:10     | Noticed a two-headed ogre
 13690 | D:10     | Killed a two-headed ogre
 14531 | D:11     | Found Urab's Magic Scroll Boutique.
 14535 | D:11     | Bought a scroll of identify for 26 gold pieces
 14535 | D:11     | Bought a scroll of identify for 26 gold pieces
 14535 | D:11     | Bought a scroll of enchant weapon for 97 gold pieces
 14551 | D:11     | Noticed a brown ugly thing
 14557 | D:11     | Killed a brown ugly thing
 14831 | D:11     | Found Ungore Cyva's Weapon Emporium.
 14860 | D:11     | Reached ***** piety under Cheibriados
 14949 | D:11     | Found Lair's Distillery.
 14959 | D:11     | Bought 2 potions of curing for 78 gold pieces
 14976 | D:11     | Found Hint's Distillery.
 15071 | D:11     | Found a staircase to the Orcish Mines.
 15161 | D:11     | Reached skill level 5 in Invocations
 15213 | D:11     | Found a shadowy altar of Dithmenos.
 15428 | Lair:1   | Entered Level 1 of the Lair of Beasts
 15567 | Lair:1   | You fall into a shaft and drop 1 floor!
 15652 | Lair:2   | Reached skill level 10 in Dodging
 15659 | Lair:2   | Reached XP level 12. HP: 80/99 MP: 15/15
 15964 | Lair:1   | Reached skill level 11 in Fighting
 16708 | Lair:2   | Found a staircase to the Swamp.
 16918 | Lair:2   | Found a runed translucent gate.
 16918 | Lair:2   | Found a runed translucent gate.
 16918 | Lair:2   | Found a runed translucent gate.
 16919 | Lair:2   | Noticed hndcvy's ghost (journeyman MiFi)
 17154 | Lair:2   | Found a viscous altar of Jiyva.
 17279 | Lair:2   | Noticed a four-headed hydra
 17285 | Lair:2   | Killed a four-headed hydra
 17582 | Lair:3   | Noticed a four-headed hydra
 17650 | Lair:2   | Reached ****** piety under Cheibriados
 17805 | Lair:3   | Killed a four-headed hydra
 17872 | Lair:3   | Gained mutation: You can hop long distances. [Barachi
                  | growth]
 17872 | Lair:3   | Reached XP level 13. HP: 99/107 MP: 17/17
 17883 | Lair:3   | Reached skill level 12 in Fighting
 18303 | Lair:3   | Found a hole to the Spider Nest.
 18505 | Lair:4   | Reached skill level 15 in Ranged Weapons
 19528 | Lair:5   | Entered Level 5 of the Lair of Beasts
 19776 | Lair:5   | Reached skill level 13 in Fighting
 20002 | Lair:5   | Reached XP level 14. HP: 108/118 MP: 20/20
 20462 | Lair:5   | Identified the +1 crystal plate armour "Laheuted" {rCorr}
 20706 | Lair:5   | Found a corrupted altar of Lugonu.
 20706 | Lair:5   | Found a one-way gate to the infinite horrors of the Abyss.
 21362 | Lair:5   | Reached skill level 14 in Fighting
 21487 | Lair:5   | Found a staircase to the Slime Pits.
 22903 | D:12     | Found a shimmering blue altar of Sif Muna.
 22953 | D:12     | Reached XP level 15. HP: 127/127 MP: 21/21
 23125 | D:12     | Found a runed translucent gate.
 23125 | D:12     | Found a runed translucent gate.
 23125 | D:12     | Found a runed translucent gate.
 23126 | D:12     | Noticed Sanktem7's ghost (journeyman FoFi)
 23219 | D:12     | Found an iron altar of Okawaru.
 23291 | Orc:1    | Entered Level 1 of the Orcish Mines
 24876 | Orc:1    | Noticed a fire giant
 24898 | Orc:1    | Killed a fire giant
 25302 | Orc:1    | Identified the +10 dagger of the Many Xeniums {flame, rCorr
                  | Int-3 SInv Stlth+}
 25307 | Orc:1    | Identified the +7 great sword "Ximi" {vorpal, *Corrode
                  | rElec Str+2 Dex+4}
 25310 | Orc:1    | Identified the +2 great mace "Tormentor" {speed, Will+
                  | Str+3}
 25335 | Orc:1    | Found the +5 demon whip "Spellbinder" {antimagic, Will+}
 25342 | Orc:1    | Identified the +6 morningstar of Ru's Whim {chaos, rElec
                  | rN+ Dex-2}
 25428 | Orc:2    | Entered Level 2 of the Orcish Mines
 25671 | Orc:2    | Found Iwupiph's Jewellery Emporium.
 26299 | Orc:2    | Reached skill level 15 in Fighting
 26462 | Orc:2    | Reached skill level 10 in Invocations
 26654 | Orc:2    | Found a staircase to the Elven Halls.
 26772 | Orc:2    | Found Wuixolu's Antique Weapon Shop.
 26772 | Orc:2    | Found Doshiom's Antique Weapon Boutique.
 26772 | Orc:2    | Found Calephu's Armour Boutique.
 26779 | Orc:2    | Found Ejugix's Magic Scroll Shop.
 26788 | Orc:2    | Bought the +2 pair of boots "Nysit" {Will+ rCorr Stlth+}
                  | for 639 gold pieces
 26795 | Orc:2    | Bought a glowing arbalest for 225 gold pieces
 26805 | Orc:2    | Bought a scroll of identify for 32 gold pieces
 26805 | Orc:2    | Bought a scroll of identify for 32 gold pieces
 26805 | Orc:2    | Bought a scroll of identify for 32 gold pieces
 26805 | Orc:2    | Bought a scroll of teleportation for 48 gold pieces
 26805 | Orc:2    | Bought a scroll of silence for 152 gold pieces
 26920 | Orc:2    | Found Osone's General Store.
 26929 | Orc:2    | Bought a scroll of teleportation for 48 gold pieces
 26929 | Orc:2    | Bought a scroll of identify for 32 gold pieces
 26929 | Orc:2    | Bought a wand of paralysis (4) for 153 gold pieces
 27208 | D:7      | Bought a dented filigree amulet for 120 gold pieces
 27436 | D:13     | Reached skill level 1 in Stealth
 28099 | D:14     | Noticed Agnes
 28103 | D:14     | Killed Agnes
 28139 | D:14     | Found a gate to the Vaults.
 28211 | D:14     | Reached skill level 5 in Evocations
 28429 | D:15     | Entered Level 15 of the Dungeon
 28496 | D:15     | Found a runed translucent gate.
 28496 | D:15     | Found a runed translucent gate.
 28496 | D:15     | Found a runed translucent gate.
 28496 | D:15     | Noticed Apta's ghost (journeyman DgDe)
 28498 | D:15     | Found a basalt altar of Yredelemnul.
 28507 | D:15     | Reached XP level 16. HP: 136/136 MP: 23/23
 28915 | D:15     | Found a staircase to the Depths.
 29255 | Swamp:1  | Entered Level 1 of the Swamp
 29485 | Swamp:1  | Noticed a fenstrider witch
 29487 | Swamp:1  | Killed a fenstrider witch
 29832 | Swamp:1  | You fall into a shaft and drop 1 floor!
 29934 | Swamp:2  | Reached skill level 16 in Fighting
 30088 | Swamp:2  | Reached skill level 5 in Stealth
 30535 | Swamp:3  | Reached skill level 15 in Dodging
 31025 | Spider:1 | Entered Level 1 of the Spider Nest
 31047 | Spider:1 | Gained mutation: You occasionally lose the ability to drink
                  | potions when taking damage. [mutagenic glow]
 31463 | Spider:1 | Reached XP level 17. HP: 138/145 MP: 9/25
 33490 | Spider:2 | Noticed Nikola
 33516 | Spider:2 | Killed Nikola
 33650 | Spider:2 | Reached skill level 17 in Fighting
 34357 | Spider:2 | Reached skill level 1 in Armour
 34698 | Spider:3 | Noticed Arachne
 34711 | Spider:3 | Killed Arachne
 35174 | Spider:3 | Noticed Azrael
 35670 | Spider:3 | Killed Azrael
 36122 | Swamp:4  | Entered Level 4 of the Swamp
 36274 | Swamp:4  | Noticed a tentacled monstrosity
 36314 | Swamp:4  | Killed a tentacled monstrosity
 36315 | Swamp:4  | Reached XP level 18. HP: 155/155 MP: 27/27
 36485 | Swamp:4  | Found a runed translucent door.
 36649 | Swamp:4  | Noticed scisormetimb3rs's ghost (adept DrIE)
 37472 | Orc:2    | Bought a ring of protection from cold for 400 gold pieces
 37862 | Swamp:4  | Got a decaying rune of Zot
 38137 | Spider:4 | Entered Level 4 of the Spider Nest
 38451 | Spider:4 | Reached skill level 18 in Fighting
 39714 | Spider:4 | Reached skill level 10 in Stealth
 40063 | Spider:4 | Got a gossamer rune of Zot
 40555 | Depths:1 | Entered Level 1 of the Depths
 40623 | Depths:1 | Found Pouhash's Magic Scroll Boutique.
 40636 | Depths:1 | Found Quosch's Weapon Boutique.
 40892 | Elf:1    | Entered Level 1 of the Elven Halls
 40917 | Elf:1    | Reached XP level 19. HP: 165/165 MP: 29/29
 41321 | Elf:1    | Reached skill level 19 in Fighting
 41357 | Elf:1    | Identified a scroll of acquirement
 41642 | Elf:1    | Noticed Zenata
 41718 | Elf:1    | Paralysed by an air elemental for 1 turns
 41749 | Elf:1    | Noticed Roxanne
 41795 | Elf:1    | Killed Zenata
 42049 | Elf:1    | Acquired a manual of Ranged Weapons
 42221 | Elf:2    | Identified the +0 tower shield "Qasag" {Rampage rC- Str+7}
 42221 | Elf:2    | Noticed Louise
 42310 | Elf:1    | Paralysed by an air elemental for 1 turns
 42361 | Elf:2    | Killed Louise
 42901 | Elf:2    | Found a runed translucent gate.
 42901 | Elf:2    | Found a runed translucent gate.
 42906 | Elf:2    | Found a runed translucent gate.
 42959 | Elf:2    | Found Wifiatz's Book Boutique.
 43848 | Elf:3    | Entered Level 3 of the Elven Halls
 43940 | Elf:3    | Found Jeju's Self-Improvement Boutique.
 44645 | Depths:1 | Bought a scroll of enchant weapon for 142 gold pieces
 44645 | Depths:1 | Bought a scroll of magic mapping for 142 gold pieces
 44658 | Depths:1 | Found Zimi's Antique Weapon Boutique.
 44792 | Vaults:1 | Entered Level 1 of the Vaults
 45828 | Vaults:1 | Reached XP level 20. HP: 176/176 MP: 30/30
 46656 | Vaults:2 | Identified the +4 ring mail "Tut Foug" {rC+}
 47263 | Vaults:2 | Reached skill level 20 in Fighting
 47512 | Vaults:2 | Reached skill level 5 in Armour
 48286 | Vaults:3 | Found a staircase to the Crypt.
 48286 | Vaults:3 | Found an ancient bone altar of Kikubaaqudgha.
 48289 | Vaults:3 | Found a basalt altar of Yredelemnul.
 49456 | Vaults:4 | Noticed Jory
 49712 | Vaults:4 | Reached XP level 21. HP: 107/184 MP: 32/32
 49883 | Vaults:4 | Noticed Boris
 49966 | Vaults:4 | Reached skill level 15 in Invocations
 50004 | Vaults:4 | Killed Boris
 50005 | Vaults:4 | Reached skill level 10 in Evocations
 50018 | Vaults:4 | Noticed Donald
 50239 | Vaults:4 | Killed Donald
 50350 | Vaults:4 | Killed Jory
 51260 | Depths:1 | Found Niorion's Weapon Emporium.
 51512 | Depths:1 | Found a runed translucent door.
 51514 | Depths:1 | Noticed Tiedaj's ghost (adept MiBe)
 51582 | Depths:1 | Found a portal to a secret trove of treasure.
 51652 | Depths:1 | Found a hide-covered altar of Uskayaw.
 52007 | Depths:1 | Found Ahudeocvoo's General Store.
 52033 | Depths:1 | Bought a wand of paralysis (4) for 153 gold pieces
 52033 | Depths:1 | Bought a wand of mindburst (8) for 179 gold pieces
 52040 | Depths:1 | Found a gateway to Hell.
 52817 | Depths:2 | Noticed Mara
 52828 | Depths:2 | Killed Mara
 52843 | Depths:2 | Found Fisaawk's Assorted Antiques.
 52874 | Depths:2 | Reached skill level 21 in Fighting
 52875 | Depths:2 | Reached XP level 22. HP: 193/194 MP: 33/33
 53016 | Depths:2 | Noticed Bai Suzhen
 53022 | Depths:2 | Killed Bai Suzhen
 53276 | Depths:2 | Found a one-way gate leading to the halls of Pandemonium.
 53700 | Depths:2 | Identified the +6 shortbow of the Four Lies {venom, *Slow
                  | rPois SInv}
 54467 | Depths:3 | Found a corrupted altar of Lugonu.
 54608 | Depths:3 | Identified the +4 rapier "Atokiv" {freeze, *Noise Str+7
                  | Stlth+}
 54804 | Depths:3 | Found a one-way gateway to a ziggurat.
 54899 | Depths:3 | Found a corrupted altar of Lugonu.
 54929 | Depths:3 | Found Tegagax's Weapon Shop.
 54979 | Depths:3 | Noticed Saint Roka
 54998 | Depths:3 | Killed Saint Roka
 55231 | Depths:3 | Found a transporter.
 55235 | Depths:3 | Found a transporter.
 55541 | Depths:4 | Entered Level 4 of the Depths
 56305 | Depths:4 | Reached XP level 23. HP: 202/202 MP: 35/35
 56667 | Depths:4 | Reached skill level 10 in Armour
 56760 | Depths:4 | Found a gate to the Realm of Zot.
 56848 | Depths:4 | Noticed a golden dragon
 56856 | Depths:4 | Killed a golden dragon
 57546 | Crypt:1  | Entered Level 1 of the Crypt
 57756 | Crypt:1  | Reached skill level 22 in Fighting
 57780 | Crypt:1  | Noticed Boris
 57793 | Crypt:1  | Killed Boris
 58997 | Crypt:1  | Found a runed door.
 59034 | Crypt:1  | Noticed an ancient lich
 59034 | Crypt:1  | Noticed a dread lich
 59346 | Crypt:1  | Identified the +4 lajatang of Fee Simple {drain, *Slow
                  | rPois Dex+6}
 59378 | Crypt:1  | Killed a dread lich
 59387 | Crypt:1  | Identified the +3 helmet of the Guild-Master {+Inv rN+}
 59412 | Crypt:1  | Identified the +0 helmet of the Centipede {rElec Stlth+}
 59461 | Crypt:1  | Killed an ancient lich
 60744 | Crypt:2  | Reached skill level 23 in Fighting
 60896 | Crypt:2  | Got Jati Jef's Almanac of Profane Rites
 61076 | Crypt:2  | Reached XP level 24. HP: 210/214 MP: 35/35
 61931 | Slime:1  | Entered Level 1 of the Pits of Slime
 62151 | Slime:2  | Gained mutation: You are clumsy. (Dex -2) [a shining eye]
 62155 | Slime:2  | Lost mutation: You are clumsy. (Dex -2) [potion of
                  | mutation]
 62155 | Slime:2  | Lost mutation: You occasionally lose the ability to drink
                  | potions when taking damage. [potion of mutation]
 62155 | Slime:2  | Gained mutation: You have hidden genetic defects. [potion
                  | of mutation]
 62155 | Slime:2  | Gained mutation: Armour fits poorly on your strangely
                  | shaped body. [potion of mutation]
 62155 | Slime:2  | Gained mutation: You are covered in fur. (AC +1) [potion of
                  | mutation]
 63143 | Slime:4  | Noticed Dissolution
 63150 | Slime:3  | Killed Dissolution
 63158 | Slime:4  | Gained mutation: You are occasionally teleported next to
                  | monsters. [hidden defects]
 63160 | Slime:4  | Lost mutation: Armour fits poorly on your strangely shaped
                  | body. [potion of mutation]
 63160 | Slime:4  | Lost mutation: You are occasionally teleported next to
                  | monsters. [potion of mutation]
 63160 | Slime:4  | Lost mutation: You have hidden genetic defects. [potion of
                  | mutation]
 63160 | Slime:4  | Gained mutation: You are strong-willed. (Will+) [potion of
                  | mutation]
 63160 | Slime:4  | Gained mutation: You have hidden genetic potential. [potion
                  | of mutation]
 63555 | Slime:4  | Found a viscous altar of Jiyva.
 63709 | Slime:5  | Entered Level 5 of the Pits of Slime
 63723 | Slime:5  | Reached skill level 24 in Fighting
 63798 | Slime:5  | Paralysed by a floating eye for 4 turns
 64486 | Slime:5  | Noticed the Royal Jelly
 66767 | Elf:3    | Identified the +2 morningstar of the Enemy {vorpal, *Noise
                  | rPois rF+ rC+++}
 67148 | Elf:3    | Identified the +4 dire flail of Ygopodgh {vorpal, rElec
                  | rPois Will+ Int+4}
 67211 | Elf:3    | Reached XP level 25. HP: 225/225 MP: 35/35
 67588 | Elf:3    | Got the Octavo of Concussion
 67696 | Elf:3    | Identified the +8 hand crossbow of Premature Burial {elec,
                  | rPois rC++ Str-4 Dex+3}
 68187 | Depths:1 | Bought a scroll of teleportation for 57 gold pieces
 68235 | Depths:1 | Bought a scroll of teleportation for 48 gold pieces
 68387 | D:11     | Bought a potion of mutation for 144 gold pieces
 68387 | D:11     | Bought 2 potions of curing for 108 gold pieces
 68387 | D:11     | Bought a potion of heal wounds for 90 gold pieces
 68986 | Slime:5  | Killed the Royal Jelly
 68987 | Slime:5  | Reached skill level 1 in Shields
 69168 | Slime:5  | Got a slimy rune of Zot
 69202 | Slime:5  | Got Sif Muna's Spellbook of Cold and Bolts
 69889 | Vaults:5 | Entered Level 5 of the Vaults
 69973 | Vaults:5 | Reached skill level 25 in Fighting
 70101 | Vaults:5 | Noticed a dread lich
 70130 | Vaults:4 | Killed a dread lich
 70148 | Vaults:4 | Gained mutation: Your spells are a little harder to cast,
                  | but a little more powerful. [hidden potential]
 70276 | Vaults:4 | Reached skill level 15 in Evocations
 70331 | Vaults:5 | Noticed Mennas
 70584 | Vaults:5 | Identified the +0 leather armour of the Pit {Harm rPois
                  | Int-4}
 70970 | Vaults:5 | Identified the +3 spear of Plunder {freeze, Will- Str+4
                  | Dex+3}
 71302 | Vaults:5 | Identified the +10 falchion of Causality {vorpal, rN++
                  | Str+3 Int+3}
 71302 | Vaults:5 | Identified the +1 robe "Syenax" {rF+ rC+ Dex-2}
 71312 | Vaults:5 | Reached XP level 26. HP: 230/235 MP: 36/36
 71318 | Vaults:5 | Identified the +1 plate armour of the Cicada {Regen+}
 71325 | Vaults:5 | Got The Last Parchment of the Archmage
 71326 | Vaults:5 | Identified the +2 broad axe of Lerr {spect, rCorr}
 71328 | Vaults:5 | Got a silver rune of Zot
 71330 | Vaults:5 | Identified the +1 scale mail of Disappointment {Slay+2}
 71511 | Vaults:5 | Killed Mennas
 72461 | Vaults:5 | Identified the +0 leather armour of Pragmatism {-Tele
                  | Dex+7}
 72465 | Vaults:5 | Got the Collected Works on Concussion
 73079 | Zot:1    | Entered Level 1 of the Realm of Zot
 73220 | Zot:1    | Reached skill level 15 in Armour
 73221 | Zot:1    | Reached skill level 5 in Shields
 73989 | D:11     | Bought 2 scrolls of magic mapping for 195 gold pieces
 73989 | D:11     | Bought a scroll of teleportation for 39 gold pieces
 73989 | D:11     | Bought a scroll of fog for 52 gold pieces
 73989 | D:11     | Bought a scroll of teleportation for 39 gold pieces
 73989 | D:11     | Bought a scroll of teleportation for 39 gold pieces
 73989 | D:11     | Acquired 662 gold pieces
 74433 | Zot:1    | Gained mutation: You are highly strong-willed. (Will++)
                  | [hidden potential]
 74433 | Zot:1    | Lost mutation: You have hidden genetic potential. [hidden
                  | potential expressed]
 74685 | Zot:1    | Identified the +12 shortbow "Goblinbane" {vorpal, Drain
                  | +Blink Fly}
 74955 | Zot:2    | Identified the +8 great sword "Mucsarur" {venom, Fly}
 75247 | Zot:2    | Found a runed translucent gate.
 75248 | Zot:2    | Found a runed translucent gate.
 75252 | Zot:2    | Found a runed translucent gate.
 75602 | Zot:2    | Noticed Toelubet's ghost (veteran CeHu)
 77019 | Zot:3    | Noticed Parghit
 78054 | D:3      | Killed Crazy Yiuf
 78175 | D:6      | Killed leafyfresh's ghost
 78549 | Crypt:3  | Entered Level 3 of the Crypt
 79643 | Crypt:3  | Reached XP level 27. HP: 111/117 MP: 36/36
 79669 | Crypt:3  | Identified the ring "Veduvul" {Ice Fly rPois Dex-2 Stlth+}
 79669 | Crypt:3  | Noticed Josephina
 80006 | Crypt:3  | Reached skill level 10 in Shields
 80173 | Crypt:3  | Killed Josephina
 80491 | Crypt:3  | Found an ancient bone altar of Kikubaaqudgha.
 80939 | Zot:2    | Killed Parghit
 81314 | Zot:3    | Paralysed by you for 2 turns
 81648 | Zot:3    | Found the +8 frozen axe "Frostbite" {freezing cloud, *Noise
                  | Fly rC+}
 82695 | Zot:4    | Reached skill level 15 in Shields
 82969 | Zot:4    | Noticed an ancient lich
 82971 | Zot:4    | Found a stormy altar of Qazlal.
 83198 | Zot:4    | Reached skill level 26 in Fighting
 83207 | Zot:4    | Killed an ancient lich
 83248 | Zot:4    | Got Secladucw's Almanac of the Peculiar Bounties
 83607 | Zot:5    | Entered Level 5 of the Realm of Zot
 83607 | Zot:5    | Found Ximocy's Changing Room.
 84346 | Zot:5    | Bought 2 potions of mutation for 192 gold pieces
 84346 | Zot:5    | Bought a potion of mutation for 96 gold pieces
 84346 | Zot:5    | Bought a potion of lignification for 36 gold pieces
 84930 | Zot:5    | Noticed a dread lich
 84941 | Zot:5    | Killed a dread lich
 84985 | Zot:5    | Noticed an orb of fire
 84997 | Zot:5    | Killed an orb of fire
 85021 | Zot:5    | Noticed an orb of fire
 85029 | Zot:5    | Gained mutation: You occasionally lose the ability to drink
                  | potions when taking damage. [an orb of fire]
 85033 | Zot:5    | Killed an orb of fire
 85089 | Zot:5    | Noticed a dread lich
 85227 | Zot:5    | Killed a dread lich
 85285 | Zot:5    | Noticed an ancient lich
 85313 | Zot:5    | Killed an ancient lich
 85379 | Zot:5    | Noticed an orb of fire
 85380 | Zot:5    | Noticed an orb of fire
 85387 | Zot:5    | Killed an orb of fire
 85390 | Zot:5    | Gained mutation: Your body sometimes deteriorates upon
                  | taking damage. [an orb of fire]
 85395 | Zot:5    | Gained mutation: Potions are less effective at restoring
                  | your health. [an orb of fire]
 85400 | Zot:5    | Killed an orb of fire
 85402 | Zot:5    | Noticed a dread lich
 85412 | Zot:5    | Killed a dread lich
 86527 | Zot:5    | Got the Orb of Zot
 86670 | Depths:4 | Noticed Jentefim the pandemonium lord
 86687 | Depths:4 | Killed Jentefim the pandemonium lord
 86767 | Depths:3 | Noticed a seraph
 86827 | Depths:2 | Noticed Xarrile the pandemonium lord
 86885 | Depths:1 | Noticed Qocsecla the pandemonium lord
 86921 | D:15     | Noticed Suofuquo the pandemonium lord
 86946 | D:13     | Noticed Dacoddie the pandemonium lord
 86960 | D:13     | Killed Dacoddie the pandemonium lord
 86997 | D:12     | Noticed Ceigg the pandemonium lord
 87240 | D:$      | Escaped with the Orb!

Illustrated notes

Levels and vault maps discovered:
D:1:      arrival_zaba_pyramid, layout_basic
D:2:      layout_loops_cross
D:3:      layout_rooms, chequers_ecumenical_altar_simple_redux, uniq_sigmund,
          uniq_grinder, uniq_crazy_yiuf_cottage
D:4:      lemuel_castle_with_subvaults [lemuel_castle_interior_carwin_2],
          layout_rooms, kennysheep_small_spiral
D:5:      layout_basic, uniq_edmund, uniq_blork_the_orc, uniq_pikel
D:6:      layout_loops_ring, mainiacjoe_overflow_swirl, gammafunk_ghost_grave,
          uniq_maggie
D:7:      layout_loops_cross, minmay_temple_entry_proselytizer, serial_shops,
          nicolae_stop_n_shop_1, columned_hall_lemuel
D:8:      layout_loops_ring, zin_statuary
D:9:      layout_roguey, grunt_lair_entry_orc_guard_hut
D:10:     layout_stronghold, enter_bailey_4, serial_shops, shop
D:11:     layout_basic, erik_orc_2, gauntlet_entry_generic, serial_shops,
          nicolae_shop_bloodbath_and_beyond, shop, shop,
          nicolae_shop_statue_plus, grunt_dithmenos_shadows
D:12:     layout_gridville, gammafunk_ghost_fury_of_okawaru,
          nicolae_sif_muna_little_library
D:13:     layout_basic
D:14:     layout_gridville, erik_vaults_1, minmay_strange_pillars, uniq_agnes
D:15:     grunt_enter_depths_snipers, layout_rooms, glass_columns_a,
          nicolae_yredelemnul_ghost_church
Temple:   compressed_dpeg_triangle_lava_temple
Lair:1:   layout_small_grid, lemuel_fruit_tree, grunt_megastairs_5
Lair:2:   layout_roguey, swamp_mist, gammafunk_ghost_ooze, minmay_hedge_maze
Lair:3:   layout_hall_layers, nicolae_spider_entry_tight_spaces
Lair:4:   layout_gridlike
Lair:5:   hellmonk_lair_end_abyssal_woods, layout_regular_city, slime_entry_1,
          dpeg_oklob_1, grunt_megastairs_1, serial_bayou_shore_b
Swamp:1:  layout_basic_swamp, evilmike_swamp_ruin_house_4,
          nicolae_swamp_necromancy_gone_wrong, infiniplex_staircase_pool_2
Swamp:2:  layout_basic_swamp, nicolae_swamp_big_swirl
Swamp:3:  layout_basic_swamp, evilmike_swamp_ruin_house_6, swamp_pool2
Swamp:4:  swamp_icy, layout_basic_swamp, ebering_ghost_reflecting_pool,
          swamp_pool4, nicolae_swamp_hydra_murder_den, infiniplex_staircase_pool
Spider:1: layout_spider_delve
Spider:2: layout_chambers, nicolae_spider_jagged_tunnels, uniq_nikola
Spider:3: layout_spider_delve, nicolae_spider_paper_wasps,
          nicolae_spider_cling_halls, uniq_azrael, uniq_arachne
Spider:4: hellmonk_spider_rune_bug_friends, nicolae_spider_undead_wolf_pack
Slime:1:  layout_caves
Slime:2:  layout_caves
Slime:3:  cheibrodos_slime_lost_civilization_8, layout_caves
Slime:4:  cheibrodos_slime_lost_civilization_3, layout_caves, basic_altar,
          dissolution_awaits
Slime:5:  uniq_dissolution
Orc:1:    giant_chief_lemuel, layout_diamond_mine,
          portal_ice_cave_entry_pillars_2
Orc:2:    st_orc_mages, layout_diamond_mine, serial_shops, nicolae_diamond_shop,
          nicolae_shop_temple_entry_statues_fountains
Elf:1:    nicolae_elf_arrival_aired_out, layout_loops_corners,
          kennysheep_underground_church, uniq_roxanne, uniq_zenata
Elf:2:    elven_hall_of_blades_hangedman_original
          [nicolae_blade_entry_antechamber], layout_loops_corners, serial_shops,
          shop_coins, uniq_louise
Elf:3:    nooodl_elf_gasket, layout_geoelf_castle, nicolae_shop_self_help
Vaults:1: vaults_mumra_hexcomb, ontoclasm_vaults_tryst, v_misc_14,
          vaults_room_door_ring, nicolae_vaults_little_squares_6,
          vaults_room_grunt_arrival_ludios, vaults_dpeg_encased_lava,
          layout_vaults_chaotic_city
Vaults:2: v_misc_3, v_rooms_6, v_misc_29, hangedman_vaults_stream,
          vaults_dpeg_hooks, v_misc_24, st_squares, layout_vaults_omnigrid
Vaults:3: v_pattern_5, ontoclasm_vaults_hangar, ontoclasm_vaults_ring_small,
          vaults_dpeg_diagonal, v_misc_23, nicolae_vaults_circle_grid_b,
          v_misc_27, minmay_crypt_entry_necro_gods, vaults_room_corners,
          layout_vaults_ring
Vaults:4: hangedman_vaults_unwind, v_misc_4, v_alt_pattern_6,
          nicolae_vaults_minivaults, hangedman_vaults_stretched_pinwheel,
          nicolae_vaults_mini_display_case, vaults_room_pools,
          layout_vaults_omnicross, uniq_margery, uniq_boris, uniq_jory,
          uniq_donald
Vaults:5: uniq_mennas
Crypt:1:  evilmike_wizard_prison, layout_basic, st_stairs_1,
          serial_sigils_hangedman_confine, grunt_crypt_arrival_webbed,
          roderic_lattice_octagonal_star
Crypt:2:  layout_gridlike, mu_enter_wizlab_5, special_room
          [special_room_morgue], grunt_megastairs_3
Crypt:3:  due_elkab, layout_chaotic_city, basic_altar, uniq_josephina
Depths:1: layout_honeycomb, grunt_mini_vestibule, enter_trove_2, serial_shops,
          nicolae_lakefront_shop, nicolae_inconvenience_store,
          nicolae_square_shop, shop, nicolae_shop_behind_doors,
          hellmonk_ghost_happy_afterlife, serial_sigils_hangedman_stare,
          dk_noncrumbling_2, drop_trap, kennysheep_diamond,
          minmay_misc_feat_tiny, kennysheep_small_circle
Depths:2: minmay_split_circle, layout_cave_pools, serial_rivers,
          chequers_serial_rivers_large_b, chequers_serial_rivers_marsh,
          chequers_serial_rivers_micro_d, chequers_serial_rivers_micro_b,
          chequers_serial_rivers_micro_d, chequers_serial_rivers_room_a,
          rand_demon_pan_entry_4, serial_shops, nicolae_take_the_stairs,
          hell_entry, chequers_serial_rivers_small_b, minivault_16,
          grunt_tough_drop, uniq_mara, uniq_bai_suzhen
Depths:3: gammafunk_corrupted_shrine, layout_cave_pools, enter_ziggurat_c,
          abyss_entry_flame_altar, hell_entry, rand_demon_pan_entry_5,
          serial_column_ruins, column_ruins_portal_hut,
          column_ruins_courtyard_long_water, column_ruins_corridor_corner,
          column_ruins_open_medium, column_ruins_open_small,
          column_ruins_columns_dead_end, serial_shops, shop,
          minmay_staircase_windowed_small, uniq_saint_roka
Depths:4: evilmike_zot_entry_hall, layout_gridlike, serial_rivers,
          chequers_serial_rivers_micro_d, chequers_serial_rivers_room_b,
          chequers_serial_rivers_micro_b, chequers_serial_rivers_room_b,
          minmay_misc_feat_cross, hell_entry, nicolae_keep_em_comin,
          infiniplex_staircase_pool_lava, serial_bayou_shore_a
Zot:1:    layout_misc_corridors
Zot:2:    layout_basic, gammafunk_ghost_necromancy
Zot:3:    gammafunk_mikee_crab_dinner, layout_misc_corridors, uniq_parghit
Zot:4:    regret_index_qazlal_generations, layout_twisted_circle
Zot:5:    layout_cathedral_of_symmetry, nicolae_transmutations_shop,
          hangedman_zot_decor_scrapings

Skill      XL: |  1  2  3  4  5  6  7  8  9 10 11 12 13 14 15 16 17 18 19 20 21 22 23 24 25 26 27 |
---------------+----------------------------------------------------------------------------------+-----
Fighting       | 4 5 7 8 9 10 11 13 14 15 16 17 18 19 20 21 23 24 25 26 | 26.8
Ranged Weapons | 5 6 7 9 10 11 13 14 15 17 18 19 20 21 | 21.7
Dodging        | 3 4 5 6 7 8 10 11 12 13 14 15 16 17 18 19 20 21 22 23 | 23.7
Evocations     | 1 4 5 7 8 9 11 12 13 14 15 16 17 | 17.8
Invocations    | 3 5 6 8 9 10 11 12 13 14 15 16 17 18 19 | 19.5
Stealth        | 3 6 8 10 11 12 13 | 13.6
Armour         | 4 6 8 9 11 12 14 15 19 | 19.0
Shields        | 4 9 16 | 16.0

Action                   |  1- 3 |  4- 6 |  7- 9 | 10-12 | 13-15 | 16-18 | 19-21 | 22-24 | 25-27 || total
-------------------------+-------+-------+-------+-------+-------+-------+-------+-------+-------++-------
Melee: Arbalest          |       |       |       |       |     1 |       |       |       |       ||     1
       Dagger            |       |       |       |       |       |    57 |    16 |       |       ||    73
       Hand crossbow     |       |       |       |       |       |       |       |       |     2 ||     2
 Fire: Shortbow          |   129 |    86 |   569 |   223 |       |       |       |       |       ||  1007
       Arbalest          |       |       |       |   402 |   840 |  1120 |  1278 |  1613 |    37 ||  5290
       Hand crossbow     |       |       |       |       |       |       |       |       |  2071 ||  2071
Invok: Slouch            |       |       |       |     1 |     4 |    23 |     9 |    18 |    23 ||    78
       Step From Time    |       |       |       |       |     1 |       |       |       |     2 ||     3
       Temporal Distorti |       |       |       |       |       |     1 |       |       |       ||     1
 Abil: Hop               |       |     1 |       |     7 |     8 |    19 |    15 |    30 |    39 ||   119
       Evoke Invisibilit |       |       |       |       |       |       |       |       |     9 ||     9
Evoke: Wand              |       |       |     2 |    11 |     3 |    44 |     4 |     1 |    19 ||    84
       Phantom mirror    |       |       |       |       |       |     1 |     1 |       |       ||     2
       Lightning rod     |       |       |       |       |       |       |       |       |     8 ||     8
       Box of beasts     |       |       |       |       |       |       |       |       |     2 ||     2
  Use: Potion            |     2 |     1 |       |     6 |     2 |    10 |     2 |     2 |    11 ||    36
       Scroll            |       |       |     8 |    17 |    12 |     8 |    11 |    16 |    26 ||    98
 Stab: Invisible         |       |       |       |       |       |     2 |       |       |       ||     2
Armor: Leather armour    |     1 |       |       |       |       |       |       |       |   145 ||   146
       Ring mail         |    17 |    41 |   187 |   101 |    85 |   182 |    91 |   177 |     3 ||   884
       Fire dragon scale |       |       |       |       |       |       |       |       |   131 ||   131
       Troll leather arm |       |       |       |       |       |       |       |       |    12 ||    12
Dodge: Dodged            |    42 |    80 |   294 |   455 |   503 |  1113 |   769 |  1270 |  2412 ||  6938
Block: Buckler           |       |       |       |       |       |       |       |       |   315 ||   315
       Kite shield       |       |       |       |       |       |       |       |       |  1368 ||  1368
       Reflection        |       |       |       |       |       |       |       |       |    31 ||    31
